 Dungeon Crawl Stone Soup version 0.20.0-15-g7f486f2 (webtiles) character file.

402 Gargoyl the Skirmisher (level 6, -8/52 HPs)
             Began as a Draconian Abyssal Knight on June 18, 2017.
             Was a Believer of Lugonu.
             Mangled by an ogre
             ... wielding a +0 giant club
              (18 damage)
             ... on level 6 of the Dungeon.
             The game lasted 00:05:21 (3933 turns).

Gargoyl the Skirmisher (Draconian Abyssal Knight)   Turns: 3933, Time: 00:05:22

Health: -8/52      AC:  6    Str: 14    XL:     6   Next: 55%
Magic:  8/8        EV:  9    Int: 13    God:    Lugonu [**....]
Gold:   159        SH: 11    Dex: 12    Spells: 5/5 levels left

rFire    . . .     SeeInvis .   a - +2 hand axe
rCold    . . .     Gourm    .   i - +0 large shield
rNeg     . . .     Faith    .   (armour unavailable)
rPois    .         Spirit   .   (helmet restricted)
rElec    .         Reflect  .   (no cloak)
rCorr    .         Harm     .   (no gloves)
MR       .....                  (no boots)
Stlth    ++........             (no amulet)
Regen    0.2/turn               (no ring)
MPRegen  0.2/turn               (no ring)

@: no status effects
A: unfitting armour, cold-blooded, AC +6
a: Depart the Abyss, Bend Space, Renounce Religion


You were on level 6 of the Dungeon.
You worshipped Lugonu.
Lugonu was pleased with you.
You were hungry.

You visited 1 branch of the dungeon, and saw 4 of its levels.
You visited the Abyss 1 time.

You collected 159 gold pieces.

Inventory:

Hand Weapons
 a - a +2 hand axe (weapon)
Armour
 i - a +0 large shield (worn)
Jewellery
 h - an uncursed ring of resist corrosion {unknown}
 j - an uncursed ring of ice
 n - the ring of Etuntilall {Fire *Corrode rElec Dex-2 Slay+5, unknown}
   (You found it on level 6 of the Dungeon)

   [ring of fire]

   It enhances your fire magic.
   It affects your dexterity (-2).
   It affects your accuracy and damage with ranged weapons and melee attacks
   (+5).
   It protects you from fire.
   It makes you vulnerable to cold.
   It insulates you from electricity.
   It may corrode you when you take damage.
Wands
 o - a wand of flame (28/48)
Scrolls
 e - 3 scrolls of recharging
 l - 3 scrolls of identify
 m - 2 scrolls of teleportation
 p - a scroll of amnesia {unknown}
Potions
 d - a potion of curing
Comestibles
 b - 3 bread rations
 f - 2 meat rations
 g - 4 fruits


   Skills:
 + Level 4.1 Fighting
 + Level 4.1 Axes
 * Level 3.8 Dodging
 * Level 2.3 Stealth
 + Level 1.1 Shields
 * Level 3.1 Invocations


You had 5 spell levels left.
You didn't know any spells.

Dungeon Overview and Level Annotations

Branches:
Dungeon (3/15)

Altars:


Innate Abilities, Weirdness & Mutations

Your plain brown scales are hard. (AC +6)
You cannot fit into any form of body armour.
You are cold-blooded and may be slowed by cold attacks.


Message History

You barely miss the ogre.
The ogre is lightly wounded.
You hit the crimson imp. You block the crimson imp's attack.
The ogre hits you with a giant club! The crimson imp hits you.
You slash the ogre!
Your tail-slap misses the ogre.
The ogre is moderately wounded.
You miss the crimson imp. The crimson imp hits you.
You block the ogre's attack.
Unknown command.
The crimson imp hits you but does no damage.
The ogre hits you with a giant club!!
Ouch! That really hurt!
* * * LOW HITPOINT WARNING * * *
The crimson imp grinds its teeth.
The crimson imp throws a stone.
You block the stone.
Things that are here:
a stone; a ball python corpse The crimson imp blinks!
The ogre hits you with a giant club!!
You die...

#####5.#..#..#####
#......#..#.(....#
#......#..#...)..#
#.5#####..#####..#
#......#..#......#
#......#..#......#
#####..#..#).#####
#...O..#..#......#
#..@...#..#......#
#..#####.รท#####..#
#................#
#................#
##################


You could see an ogre.

Vanquished Creatures
  2 bullfrogs (D:6)
  2 crimson imps (D:6)
  A bullfrog skeleton (D:6)
  A centaur skeleton (D:6)
  An iguana (D:6)
  A gnoll (D:1)
  3 adders
  A shadow imp (D:6)
  3 worms
  4 leopard geckos
  13 orcs
  A ball python (D:6)
  3 giant cockroaches
  3 hobgoblins (D:1)
  3 jackals (D:2)
  4 bats (D:1)
  2 frilled lizards
  5 goblins
  5 kobolds
  5 rats (D:1)
63 creatures vanquished.

Notes
Turn   | Place    | Note
-------+----------+-------------------------------------------
     0 | Abyss:1  | Gargoyl the Draconian Abyssal Knight began the quest for the Orb.
     0 | Abyss:1  | Reached XP level 1. HP: 19/19 MP: 2/2
    72 | Abyss:1  | Noticed a wretched star
    76 | D:1      | Escaped the Abyss
   145 | D:1      | Reached * piety under Lugonu
   163 | D:1      | Reached XP level 2. HP: 24/26 MP: 3/3
   991 | D:1      | Reached XP level 3. HP: 33/33 MP: 4/4
  2326 | D:2      | Reached skill level 1 in Stealth
  2326 | D:2      | Reached XP level 4. HP: 40/40 MP: 5/5
  2832 | D:3      | Reached ** piety under Lugonu
  3014 | D:3      | You fall through a shaft for 3 floors!
  3046 | D:6      | Got a warped turquoise ring
  3066 | D:6      | Reached XP level 5. HP: 22/46 MP: 7/7
  3546 | D:6      | Reached skill level 1 in Shields
  3546 | D:6      | Reached XP level 6. HP: 52/52 MP: 8/8
  3933 | D:6      | Mangled by an ogre

Skill      XL: |  1  2  3  4  5  6 |
---------------+-------------------+-----
Stealth        | 1 2 |  2.3
Dodging        | 3 |  3.8
Axes           | 3 4 |  4.1
Fighting       | 4 |  4.1
Invocations    | 3 |  3.1
Shields        | 1 |  1.1

Action                   |  1- 3 |  4- 6 || total
-------------------------+-------+-------++-------
Melee: Hand axe          |   102 |   144 ||   246
       Tailslap          |    11 |    16 ||    27
Invok: Depart the Abyss  |     1 |       ||     1
  Use: Scroll            |     3 |     5 ||     8
       Potion            |     1 |     1 ||     2
 Stab: Sleeping          |     1 |       ||     1
  Eat: Chunk             |     4 |     5 ||     9
Armor: Skin              |    40 |    44 ||    84
Dodge: Dodged            |    43 |    41 ||    84
Block: Large shield      |    28 |    88 ||   116
